 Dungeon Crawl Stone Soup version 0.19.5 (webtiles) character file.

109 catytiger the Sneak (level 4, -2/37 HPs)
             Began as a Draconian Assassin on Mar 30, 2017.
             Slain by a gnoll
             ... wielding a +0 flail
              (3 damage)
             ... on level 6 of the Dungeon.
             The game lasted 00:19:36 (1905 turns).

catytiger the Sneak (Draconian Assassin)            Turns: 1905, Time: 00:19:37

Health: -2/37      AC:  6    Str: 14    XL:     4   Next: 59%
Magic:  4/4        EV: 12    Int: 11    God:
Gold:   126        SH:  0    Dex: 13    Spells: 0 memorised, 3 levels left

rFire  . . .     SeeInvis +     a - +3 dagger
rCold  . . .     Gourm    .     (armour unavailable)
rNeg   . . .     Faith    .     (no shield)
rPois  .         Spirit   .     (helmet restricted)
rElec  .         Reflect  .     c - +0 cloak
rCorr  .         Harm     .     (no gloves)
MR     .....                    (no boots)
Stlth  +++.......               (no amulet)
                                (no ring)
                                u - ring of see invisible

@: no status effects
A: unfitting armour, cold-blooded, AC +5
a: no special abilities


You were on level 6 of the Dungeon.
You were not hungry.

You visited 1 branch of the dungeon, and saw 4 of its levels.

You collected 126 gold pieces.

Inventory:

Hand Weapons
 a - a +3 dagger (weapon)
 b - a +0 blowgun
 i - a +0 short sword
 k - a +0 club
 o - a +0 dagger
 r - a +0 flail
 w - a +0 whip
Missiles
 d - 8 poisoned needles
 e - 2 curare-tipped needles
 g - 15 sling bullets
 t - 42 bolts
Armour
 c - a +0 cloak (worn)
 j - a +0 robe
 m - a +0 robe
Jewellery
 u - a ring of see invisible (left hand)
Scrolls
 n - 2 scrolls of magic mapping
 s - a scroll of remove curse
 x - a scroll of recharging {unknown}
Potions
 l - a potion of cancellation {unknown}
 p - a potion of agility {unknown}
 v - a potion of degeneration {unknown}
 A - a potion of curing {unknown}
Comestibles
 f - a bread ration
 h - a chunk of flesh
 z - a beef jerky


   Skills:
 + Level 2.6 Fighting
 + Level 2.7 Short Blades
 + Level 1.0 Maces & Flails
 + Level 2.0 Throwing
 + Level 1.6 Dodging
 + Level 4.6 Stealth


You had 3 spell levels left.
You didn't know any spells.

Dungeon Overview and Level Annotations

Branches:
Dungeon (6/15)
 Temple: D:4-7

Altars:
Gozag
Okawaru
Qazlal
Sif Muna
Trog
Uskayaw
Yredelemnul


Innate Abilities, Weirdness & Mutations

Your plain brown scales are hard. (AC +5)
You cannot fit into any form of body armour.
You are cold-blooded and may be slowed by cold attacks.


Message History

The gnoll hits you with a flail. x2; The gnoll closely misses you.
The gnoll shaman hits you but does no damage.
You hit the gnoll shaman.
The gnoll shaman is almost dead.
The gnoll closely misses you. x2; The gnoll hits you with a flail.
* * * LOW HITPOINT WARNING * * *
The gnoll shaman calls upon its god to heal the gnoll.
The gnoll's wounds heal themselves!
The gnoll closely misses you. The gnoll barely misses you.
The gnoll shaman hits you but does no damage.
The gnoll hits you with a flail!
* * * LOW HITPOINT WARNING * * *
The gnoll seems to regain its courage.
The gnoll shaman utters an invocation to its god.
The gnoll shaman is healed somewhat.
The gnoll hits you but does no damage.
A leopard gecko comes into view.
The gnoll misses you. The gnoll hits you with a flail.
You die...

... ....
##..l.
###......
######.......#
#..#.......§.§
#...........§§
##.....@...#
#...ggg...##
#....gg..##
#.......(.#
#....?.....#
#............
#...........##
#..........##
#..........#


You could see a gnoll shaman, 4 gnolls and a leopard gecko.

Vanquished Creatures
  An orc wizard (D:3)
  2 adders
  An adder skeleton (D:3)
  3 worms
  3 leopard geckos
  3 orcs (D:3)
  A ball python (D:1)
  6 bats
  2 giant cockroaches
  7 goblins
  6 hobgoblins
  3 frilled lizards
  2 kobolds
  5 rats
45 creatures vanquished.

Notes
Turn   | Place    | Note
-------+----------+-------------------------------------------
     0 | D:1      | catytiger the Draconian Assassin began the quest for the Orb.
     0 | D:1      | Reached XP level 1. HP: 17/17 MP: 1/1
   337 | D:1      | Reached XP level 2. HP: 24/24 MP: 2/2
   354 | D:1      | Reached skill level 4 in Stealth
   474 | D:1      | Reached skill level 1 in Dodging
  1021 | D:2      | Reached XP level 3. HP: 29/29 MP: 3/3
  1103 | D:2      | Found a hide-covered altar of Uskayaw.
  1141 | D:2      | Found a bloodstained altar of Trog.
  1157 | D:2      | Found an opulent altar of Gozag.
  1158 | D:2      | Found a deep blue altar of Sif Muna.
  1181 | D:2      | Found a basalt altar of Yredelemnul.
  1286 | D:2      | Found an iron altar of Okawaru.
  1448 | D:3      | Reached XP level 4. HP: 37/37 MP: 4/4
  1451 | D:3      | Reached skill level 1 in Maces & Flails
  1596 | D:3      | Found a stormy altar of Qazlal.
  1884 | D:3      | You fall through a shaft for 3 floors!
  1902 | D:6      | HP: 1/37 [gnoll/flail (7)]
  1905 | D:6      | Slain by a gnoll

Skill      XL: |  1  2  3  4 |
---------------+-------------+-----
Throwing       | 2 |  2.0
Stealth        | 4 |  4.6
Dodging        | 1 |  1.6
Maces & Flails | 1 |  1.0
Fighting       | |  2.6
Short Blades   | |  2.7

Action                   |  1- 3 |  4- 6 || total
-------------------------+-------+-------++-------
Melee: Dagger            |    63 |    57 ||   120
       Tailslap          |     6 |     6 ||    12
       Club              |    24 |       ||    24
  Use: Scroll            |     8 |     2 ||    10
       Potion            |     1 |       ||     1
 Stab: Sleeping          |     7 |     2 ||     9
  Eat: Chunk             |     2 |     1 ||     3
Armor: Skin              |    30 |    17 ||    47
Dodge: Dodged            |    45 |    26 ||    71
